 Dungeon Crawl Stone Soup version 0.28-a0-724-g66f9036eb4 (webtiles) character file.

Game seed: 17542262161500766644

421 Ijustatesigmund the Covert (level 6, -5/53 HPs)
             Began as a Gnoll Delver on Oct 27, 2021.
             Slain by a wraith (7 damage)
             ... on level 5 of the Dungeon.
             The game lasted 00:05:26 (2432 turns).

Ijustatesigmund the Covert (Gnoll Delver)           Turns: 2432, Time: 00:05:27

Health: -5/53      AC:  3    Str: 11    XL:     6   Next: 94%
Magic:  9/9        EV: 13    Int: 12    God:
Gold:   54         SH:  5    Dex: 13    Spells: 9/9 levels left

rFire   . . .      SeeInvis .   a - +0 hand axe
rCold   . . .      Faith    .   (no shield)
rNeg    . . .      Spirit   .   b - +0 leather armour
rPois   .          Reflect  +   (no helmet)
rElec   .          Harm     .   (no cloak)
rCorr   +          Rampage  .   (no gloves)
Will    .....                   (no boots)
Stlth   ++++......              k - amulet of reflection
HPRegen 0.17/turn               f - ring of resist corrosion
MPRegen 0.11/turn               (no ring)

@: slowed, very slow
A: fangs 1, strong nose, distributed training
a: no special abilities


You were on level 5 of the Dungeon.
You visited 1 branch of the dungeon, and saw 2 of its levels.

You collected 54 gold pieces.

Inventory:

Hand Weapons
 a - a +0 hand axe (weapon)
Missiles
 h - 3 boomerangs (quivered)
Armour
 b - a +0 leather armour (worn)
Jewellery
 f - a ring of resist corrosion (left hand)
 k - an amulet of reflection (around neck)
Wands
 g - a wand of digging (2)
Scrolls
 c - 2 scrolls of fog
 d - 3 scrolls of magic mapping
 j - a scroll of vulnerability


   Skills:
 + Level 6.9 Fighting
 + Level 2.1 Short Blades
 + Level 2.1 Long Blades
 + Level 5.1 Axes
 + Level 2.1 Maces & Flails
 + Level 2.1 Polearms
 + Level 2.1 Staves
 + Level 2.1 Slings
 + Level 2.1 Bows
 + Level 2.1 Crossbows
 + Level 2.1 Throwing
 + Level 2.1 Armour
 + Level 5.1 Dodging
 + Level 9.8 Stealth
 + Level 2.1 Shields
 + Level 2.1 Unarmed Combat
 + Level 2.1 Spellcasting
 + Level 1.7 Conjurations
 + Level 1.7 Hexes
 + Level 1.7 Summonings
 + Level 1.7 Necromancy
 + Level 1.7 Translocations
 + Level 1.7 Transmutations
 + Level 1.7 Fire Magic
 + Level 1.7 Ice Magic
 + Level 1.7 Air Magic
 + Level 1.7 Earth Magic
 + Level 1.7 Poison Magic
 + Level 2.4 Invocations
 + Level 2.1 Evocations


You had 9 spell levels left.
You didn't know any spells.
Your spell library contained the following spells:

 Spells                   Type           Power      Damage    Failure   Level
 Sublimation of Blood     Necr           2%         N/A       26%         2
 Tukima's Dance           Hex            5%         N/A       45%         3
 Passage of Golubria      Tloc           5%         N/A       86%         4
 Petrify                  Tmut/Erth      5%         N/A       86%         4
 Irradiate                Conj/Tmut      2%         3d14      99%         5
 Yara's Violent Unravell  Hex/Tmut       2%         3d3       99%         5


Dungeon Overview and Level Annotations

Branches:
Dungeon (5/15)             Temple (0/1) D:4

Altars:
Elyvilon
Hepliaklqana
Xom


Innate Abilities, Weirdness & Mutations

You have very sharp teeth.
Your uncanny sense of smell can sniff out nearby items.
Your experience applies equally to all skills.


Message History

The wraith barely misses you.
You hit the wraith but do no damage.
The wraith is severely damaged.
The wraith barely misses you. The wraith hits you but does no damage.
You hit the wraith but do no damage.
The wraith is severely damaged.
You block the wraith's attack. The wraith closely misses you.
You barely miss the wraith.
The wraith is severely damaged.
The wraith closely misses you.
You hit the wraith.
The wraith is severely damaged.
The wraith misses you. The wraith closely misses you.
You hit the wraith but do no damage.
The wraith is severely damaged.
The wraith barely misses you.
You hit the wraith but do no damage.
The wraith is severely damaged.
You block the wraith's attack. The wraith barely misses you.
You aren't carrying any potions.
You barely miss the wraith.
The wraith is severely damaged.
The wraith hits you! The wraith closely misses you.
You hit the wraith but do no damage.
The wraith is severely damaged.
You feel yourself speed up. The wraith hits you!
* * * LOW HITPOINT WARNING * * *
The wraith drains your vigour!
You feel yourself slow down.
You hit the wraith but do no damage. You punch the wraith, but do no damage.
The wraith is severely damaged.
You block the wraith's attack. x2
You hit the wraith but do no damage.
The wraith is severely damaged.
The wraith hits you.
* * * LOW HITPOINT WARNING * * *
You hit the wraith but do no damage. Your bite misses the wraith.
The wraith is severely damaged.
The wraith hits you!
You die...

#........#.## ##....
#........##.## ##...
#..#########.## ##....
#..#.....#....###.....
#..#.._..#..##.##.....
#..##...##..###.......
#...........# ##......
#...W.......# ##......
#....@......# #.......
#...........# #.......
#..........## #.......
##..........# #.......
#...........#
##.......
#..........##
#........
##..........#
#........
#..........##
#........
##).........#
#........


You could see a wraith.

Vanquished Creatures
  2 black bears (D:4)
  An ogre (D:4)
  A bullfrog skeleton (D:5)
  A hound (D:4)
  2 jellies
  A hound skeleton (D:4)
  2 adders (D:4)
  An orc (D:4)
  6 ball pythons (D:4)
  4 endoplasms (D:4)
  2 giant cockroaches (D:4)
  A goblin (D:4)
  A hobgoblin (D:4)
  2 kobolds (D:4)
  A quokka (D:4)
28 creatures vanquished.

Notes
Turn   | Place    | Note
-------+----------+-------------------------------------------
     0 | D:5      | Reached skill level 9 in Stealth
     0 | D:5      | Ijustatesigmund the Gnoll Delver began the quest for the
                  | Orb.
     0 | D:5      | Reached XP level 1. HP: 23/23 MP: 1/1
     2 | D:5      | Noticed an iguana
    30 | D:4      | Noticed a jelly
    34 | D:4      | Noticed an ogre
    35 | D:4      | Killed a jelly
    36 | D:4      | Reached XP level 2. HP: 17/29 MP: 2/2
    36 | D:4      | Reached XP level 3. HP: 20/35 MP: 3/3
    72 | D:5      | Found a hazy altar of Hepliaklqana.
    73 | D:5      | Noticed a wraith
   137 | D:5      | Reached skill level 1 in Short Blades
   137 | D:5      | Reached skill level 1 in Long Blades
   137 | D:5      | Reached skill level 1 in Maces & Flails
   137 | D:5      | Reached skill level 1 in Polearms
   137 | D:5      | Reached skill level 1 in Staves
   137 | D:5      | Reached skill level 1 in Slings
   137 | D:5      | Reached skill level 1 in Bows
   137 | D:5      | Reached skill level 1 in Crossbows
   137 | D:5      | Reached skill level 1 in Throwing
   137 | D:5      | Reached skill level 1 in Armour
   137 | D:5      | Reached skill level 1 in Shields
   137 | D:5      | Reached skill level 1 in Unarmed Combat
   137 | D:5      | Reached skill level 1 in Spellcasting
   137 | D:5      | Reached skill level 1 in Invocations
   137 | D:5      | Reached skill level 1 in Evocations
   137 | D:5      | Reached XP level 4. HP: 19/41 MP: 3/5
   654 | D:4      | Killed an ogre
   655 | D:4      | Reached skill level 1 in Conjurations
   655 | D:4      | Reached skill level 1 in Hexes
   655 | D:4      | Reached skill level 1 in Summonings
   655 | D:4      | Reached skill level 1 in Necromancy
   655 | D:4      | Reached skill level 1 in Translocations
   655 | D:4      | Reached skill level 1 in Transmutations
   655 | D:4      | Reached skill level 1 in Fire Magic
   655 | D:4      | Reached skill level 1 in Ice Magic
   655 | D:4      | Reached skill level 1 in Air Magic
   655 | D:4      | Reached skill level 1 in Earth Magic
   655 | D:4      | Reached skill level 1 in Poison Magic
   655 | D:4      | Reached XP level 5. HP: 29/47 MP: 5/7
   858 | D:4      | Found a shimmering altar of Xom.
  1154 | D:4      | Noticed a black bear
  1172 | D:4      | Killed a black bear
  1173 | D:4      | Reached XP level 6. HP: 19/53 MP: 8/8
  1630 | D:4      | Noticed a black bear
  1672 | D:4      | Reached skill level 5 in Axes
  1672 | D:4      | Reached skill level 5 in Dodging
  2004 | D:4      | Found a staircase to the Ecumenical Temple.
  2085 | D:4      | Killed a black bear
  2431 | D:5      | HP: 2/53 [wraith (3)]
  2432 | D:5      | Slain by a wraith

Illustrated notes

Levels and vault maps discovered:
D:4:      minmay_opposing_rooms, layout_basic, mainiacjoe_overflow_alcove_4,
          temple_hall
D:5:      layout_cave_pods, mainiacjoe_overflow_alcove_1, lemuel_crystal_altar

Skill      XL: |  1  2  3  4  5  6 |
---------------+-------------------+-----
Stealth        | |  9.8
Short Blades   | 1 2 |  2.1
Long Blades    | 1 2 |  2.1
Maces & Flails | 1 2 |  2.1
Polearms       | 1 2 |  2.1
Staves         | 1 2 |  2.1
Slings         | 1 2 |  2.1
Bows           | 1 2 |  2.1
Crossbows      | 1 2 |  2.1
Throwing       | 1 2 |  2.1
Armour         | 1 2 |  2.1
Shields        | 1 2 |  2.1
Unarmed Combat | 1 2 |  2.1
Spellcasting   | 1 2 |  2.1
Invocations    | 1 2 |  2.4
Evocations     | 1 2 |  2.1
Conjurations   | 1 |  1.7
Hexes          | 1 |  1.7
Summonings     | 1 |  1.7
Necromancy     | 1 |  1.7
Translocations | 1 |  1.7
Transmutations | 1 |  1.7
Fire Magic     | 1 |  1.7
Ice Magic      | 1 |  1.7
Air Magic      | 1 |  1.7
Earth Magic    | 1 |  1.7
Poison Magic   | 1 |  1.7
Axes           | 5 |  5.1
Dodging        | 5 |  5.1
Fighting       | |  6.9

Action                   |  1- 3 |  4- 6 || total
-------------------------+-------+-------++-------
Melee: Hand axe          |    12 |   107 ||   119
       Bite              |     3 |    10 ||    13
       Punch             |       |     1 ||     1
Throw: Boomerang         |     3 |       ||     3
Evoke: Wand              |     1 |     6 ||     7
  Use: Scroll            |     1 |     5 ||     6
       Potion            |       |     3 ||     3
 Stab: Sleeping          |       |     7 ||     7
       Distracted        |       |     1 ||     1
Armor: Leather armour    |     3 |    20 ||    23
Dodge: Dodged            |     5 |    89 ||    94
Block: Other             |       |    17 ||    17

Table legend: (Time is in decaauts)
 A = Elapsed time spent in this place.
 B = Non-inter-level travel time spent in this place.
 C = Inter-level travel time spent in this place.
 D = Time resting spent in this place.
 E = Time spent auto-exploring this place.
 F = Levels seen in this place.
 G = Mean time per level.
                   A        B        C        D        E       F      G
               +--------+--------+--------+--------+--------+-----+--------+
         Total |   2431 |   2387 |     44 |   1080 |    729 |   2 | 1215.5 |
       Dungeon |   2431 |   2387 |     44 |   1080 |    729 |   2 | 1215.5 |
               +--------+--------+--------+--------+--------+-----+--------+

Top non-repeatable levels by time:
     D:4: 1904 daAuts
     D:5: 527 daAuts
